 Dungeon Crawl Stone Soup version 0.31.0-9-g3a7656b989 (webtiles) character file.

Game seed: 17508165350880378207

559176 Esce the Minotaur Barricade (level 25, -5/255 HPs)
             Began as a Minotaur Fighter on Jan 27, 2024.
             Was a High Priest of Okawaru.
             Slain by a black draconian knight
             ... wielding a +1 battleaxe of freezing
             ... led by a red draconian scorcher
              (9 damage)
             ... on level 4 of the Realm of Zot on Jan 31, 2024.
             The game lasted 06:21:18 (73475 turns).

Esce the Minotaur Barricade (Minotaur Fighter)     Turns: 73475, Time: 06:21:18

Health: -5/255     AC: 30    Str: 37    XL:     25   Next: 29%
Magic:  31/31      EV:  9    Int:  8    God:    Okawaru [*****.]
Gold:   10445      SH: 24    Dex: 10    Spells: 24/24 levels left

rFire   + + +        n - +9 eveningstar (vamp)
rCold   + + +        G - +0 tower shield
rNeg    + + +        o - +0 gold dragon scales
rPois   +            D - +2 hat
rElec   .            W - +0 cloak
rCorr   .            y - +1 pair of gloves "Pifre" {Rampage Will- Str+6 Int+3}
SInv    .            r - +1 pair of boots
Will    +++..        Z - amulet of the Four Winds {rN+ Will+++ Clar} Stlth
                     f - ring "Ubacwenn" {^Contam rF+ rC+ rN++ Str+2}
HPRegen 0.00/turn    a - ring of protection from fire
MPRegen 0.22/turn

%: clarity, rampage
@: lethally poisoned (-5 -> -12), inhibited regen
A: horns 2, retaliatory headbutt, berserk 1, clumsy 1, cold resistance 1,
deformed body, dopey 1, inhibited regeneration, subdued magic 1
}: 3/15 runes: decaying, silver, gossamer
a: Renounce Religion, Heroism, Finesse, Duel


You were on level 4 of the Realm of Zot.
You worshipped Okawaru.
Okawaru was extremely pleased with you.
You visited 12 branches of the dungeon, and saw 52 of its levels.
You visited the Abyss 1 time.
You visited 1 bazaar.
You also visited: Ice Cave.

You collected 11259 gold pieces.
You spent 814 gold pieces at shops.

Inventory:

Hand Weapons
 n - a +9 vampiric eveningstar (weapon)
Missiles
 d - 3 throwing nets
 I - 23 javelins
 J - 14 boomerangs (quivered)
 K - 20 silver javelins
Armour
 c - a +3 plate armour of willpower
 o - +0 gold dragon scales (worn)
 r - a +1 pair of boots (worn)
 u - a +0 kite shield of cold resistance
 y - the +1 pair of gloves "Pifre" (worn) {Rampage Will- Str+6 Int+3}
   (Okawaru gifted it to you on level 4 of the Lair of Beasts)

   Str+6:     It affects your strength (+6).
   Int+3:     It affects your intelligence (+3).
   Will-:     It decreases your willpower.
   Rampage:   It bestows one free step when moving towards enemies.
 D - a +2 hat (worn)
 G - a +0 tower shield (worn)
 V - the +8 plate armour of Sunlight {Rampage Fly Regen+ Str+2 Dex-3}
   (You found it on level 1 of the Lair of Beasts)

   Str+2:     It affects your strength (+2).
   Dex-3:     It affects your dexterity (-3).
   Fly:       It grants you flight.
   Regen+:    It increases your rate of health regeneration.
   Rampage:   It bestows one free step when moving towards enemies.
 W - a +0 cloak (worn)
Jewellery
 a - a ring of protection from fire (right hand)
 e - a ring of see invisible
 f - the ring "Ubacwenn" (left hand) {^Contam rF+ rC+ rN++ Str+2}
   (You took it off a frost giant on level 4 of the Depths)

   [ring of protection from cold]

   Str+2:     It affects your strength (+2).
   rF+:       It protects you from fire.
   rC+:       It protects you from cold.
   rN++:      It greatly protects you from negative energy.
   ^Contam:   It causes magical contamination when unequipped.
 g - a ring of protection from cold
 v - a ring of positive energy
 w - an amulet of faith
 x - a ring of willpower
 H - the amulet "Fisew" {RegenMP rCorr}
   (You found it on level 13 of the Dungeon)

   [amulet of magic regeneration]

   RegenMP:   It increases your rate of magic regeneration.
   rCorr:     It protects you from acid and corrosion.
 X - an amulet of reflection
 Y - the ring of Ottiheg {rElec rPois Str+3 Dex+6}
   (You found it on level 2 of the Spider Nest)

   [ring of dexterity]

   Str+3:     It affects your strength (+3).
   Dex+6:     It affects your dexterity (+6).
   rElec:     It insulates you from electricity.
   rPois:     It protects you from poison
 Z - the amulet of the Four Winds (around neck) {rN+ Will+++ Clar}
   (You found it on level 1 of the Depths)

   [amulet of nothing]

   rN+:       It protects you from negative energy.
   Will+++:   It greatly increases your willpower.
   Clar:      It protects you from confusion, rage, mesmerisation and fear.
Wands
 j - a wand of mindburst (27)
Scrolls
 i - 9 scrolls of teleportation
 k - 6 scrolls of amnesia
 p - 9 scrolls of revelation
 q - 6 scrolls of immolation
 s - 5 scrolls of fog
 z - 7 scrolls of poison
 A - 2 scrolls of silence
 C - 4 scrolls of butterflies
 E - a scroll of blinking
 F - 4 scrolls of enchant weapon
 M - 12 scrolls of fear
 O - a scroll of brand weapon
 P - 4 scrolls of enchant armour
Potions
 b - 6 potions of berserk rage
 l - 6 potions of magic
 m - 6 potions of haste
 t - 4 potions of might
 B - 4 potions of lignification
 L - 6 potions of ambrosia
 N - 7 potions of brilliance
 R - 2 potions of invisibility
 S - 4 potions of enlightenment
 T - 2 potions of resistance
Miscellaneous
 h - a lightning rod (4/4)


   Skills:
 + Level 26.6 Fighting
 - Level 20.0 Maces & Flails
 + Level 21.1 Throwing
 + Level 26.3 Armour
 O Level 27 Shields
 - Level 13.0 Invocations


You had 24 spell levels left.
You didn't know any spells.
Your spell library contained the following spells:

 Spells                   Type           Power      Damage    Failure   Level
 Apportation              Tloc           0%         N/A       85%         1
 Freeze                   Ice            0%         1d3       85%         1
 Magic Dart               Conj           0%         1d3       85%         1
 Necrotise                Necr           0%         1d4       85%         1
 Shock                    Conj/Air       0%         1d3       85%         1
 Slow                     Hex            0%         N/A       85%         1
 Sting                    Conj/Alch      0%         1d3       85%         1
 Blink                    Tloc           0%         N/A       94%         2
 Cigotuvi's Dreadful Rot  Necr/Alch/Air  0%         N/A       94%         2
 Jinxbite                 Hex            0%         N/A       94%         2
 Lesser Beckoning         Tloc           0%         N/A       94%         2
 Mercury Vapours          Alch/Air       0%         N/A       94%         2
 Momentum Strike          Conj/Tloc      0%         3d8       94%         2
 Searing Ray              Conj           0%         2d4       94%         2
 Static Discharge         Conj/Air       0%         3-3/arc   94%         2
 Sublimation of Blood     Necr           0%         N/A       94%         2
 Confusing Touch          Hex            0%         N/A       99%         3
 Frozen Ramparts          Ice            0%         1d1       99%         3
 Hailstorm                Conj/Ice       0%         3d5       99%         3
 Mephitic Cloud           Conj/Alch/Air  0%         N/A       99%         3
 Ozocubu's Armour         Ice            0%         N/A       99%         3
 Sigil of Binding         Hex            0%         N/A       99%         3
 Vampiric Draining        Necr           0%         2d6       99%         3
 Volatile Blastmotes      Fire/Tloc      0%         2d10      99%         3
 Airstrike                Air            0%         2d(0-16)  100%        4
 Dimensional Bullseye     Hex/Tloc       0%         N/A       100%        4
 Fulminant Prism          Conj/Alch      0%         3d5       100%        4
 Ignite Poison            Fire/Alch      0%         N/A       100%        4
 Iskenderun's Mystic Bla  Conj/Tloc      0%         2d3       100%        4
 Leda's Liquefaction      Alch/Erth      0%         N/A       100%        4
 Petrify                  Alch/Erth      0%         N/A       100%        4
 Sticky Flame             Fire/Alch      0%         2d4       100%        4
 Vhi's Electric Charge    Tloc/Air       0%         N/A       100%        4
 Alistair's Intoxication  Alch           0%         N/A       100%        5
 Borgnjor's Vile Clutch   Necr/Erth      0%         N/A       100%        5
 Freezing Cloud           Conj/Ice/Air   0%         6-21      100%        5
 Irradiate                Conj/Alch      0%         3d11      100%        5
 Iskenderun's Battlesphe  Conj           0%         2d6       100%        5
 Lee's Rapid Deconstruct  Erth           0%         3d4*      100%        5
 Metabolic Englaciation   Hex/Ice        0%         N/A       100%        5
 Silence                  Hex/Air        0%         N/A       100%        5
 Yara's Violent Unravell  Hex/Alch       0%         3d3       100%        5
 Bombard                  Conj/Erth      0%         9d1       100%        6
 Conjure Ball Lightning   Conj/Air       0%         3x3d6     100%        6
 Dispersal                Tloc           0%         N/A       100%        6
 Eringya's Noxious Bog    Alch           0%         4d6       100%        6
 Ozocubu's Refrigeration  Ice            0%         4d7       100%        7
 Disjunction              Tloc           0%         N/A       100%        8
 Ignition                 Fire           0%         3d3       100%        8
 Summon Small Mammal      Summ           Unusable   N/A       N/A         1
 Summon Ice Beast         Ice/Summ       Unusable   N/A       N/A         3
 Summon Lightning Spire   Summ/Air       Unusable   N/A       N/A         4
 Sculpt Simulacrum        Ice/Alch       Unusable   N/A       N/A         6
 Malign Gateway           Summ/Tloc      Unusable   N/A       N/A         7
 Spellforged Servitor     Conj/Summ      Unusable   N/A       N/A         7
 Summon Hydra             Summ           Unusable   N/A       N/A         7

Dungeon Overview and Level Annotations

Branches:
Dungeon (15/15)            Temple (1/1) D:6            Lair (5/5) D:10
  Swamp (4/4) Lair:3       Spider (4/4) Lair:3        Slime (3/5) Lair:5
    Orc (2/2) D:12            Elf (2/3) Orc:2        Vaults (5/5) D:13
  Crypt (3/3) Vaults:2       Tomb (0/3) Crypt:3      Depths (4/4) D:15
    Zot (4/5) Depths:4      IceCv (visited)

Altars:
Ashenzari
Cheibriados
Dithmenos
Elyvilon
Fedhas
Gozag
Hepliaklqana
Kikubaaqudgha
Makhleb
Nemelex Xobeh
Okawaru
Qazlal
Ru
Sif Muna
Trog
Uskayaw
Vehumet
Wu Jian
Xom
Yredelemnul
Zin
The Shining One
Jiyva

Shops:
D:3 :   D:11 *   Orc:2 (:[*   Elf:2 :   Vaults:3 (   Depths:2 =   Depths:4 *

Portals:
Hell: Depths:1 Depths:2 Depths:3 Depths:4
Abyss: Depths:2 Depths:3
Pandemonium: Depths:2 Depths:4
Ziggurat: Depths:4

Annotations:
Lair:5 exclusion: obsidian statue
Crypt:1 Jory
Depths:1 exclusion: moth of wrath
Depths:3 1 transporter


Innate Abilities, Weirdness & Mutations

You have a pair of horns on your head.
You reflexively headbutt those who attack you in melee.
You sometimes lose your temper in combat.
You are clumsy. (Dex -2)
Your flesh is cold resistant. (rC+)
Armour fits poorly on your strangely shaped body.
You are dopey. (Int -2)
You do not regenerate when monsters are visible.
Your spells are a little easier to cast, but a little less powerful.


Message History

The +1 pair of gloves "Pifre" {Rampage Will- Str+6 Int+3} melds into your body.
Your +1 pair of boots melds into your body.
Your +0 gold dragon scales melds into your body.
Your roots penetrate the ground.
You are engulfed in whirling frost.
A bolt of lightning appears from out of thin air!
The bolt of lightning hits you!!
* * * LOW HITPOINT WARNING * * *
A black draconian comes into view. It is wielding a +0 hand axe.
The green draconian breathes poison at you.
The blast of poison engulfs you.
You are poisoned.
You resist.
* * * LOW HITPOINT WARNING * * *
The black draconian knight breathes lightning at you.
The bolt of lightning hits you!!
* * * LOW HITPOINT WARNING * * *
The storm dragon roars deafeningly!
You feel very sick.
The green draconian hits you from afar with a +0 halberd.
* * * LOW HITPOINT WARNING * * *
The black draconian breathes lightning at you.
The bolt of lightning hits you!
* * * LOW HITPOINT WARNING * * *
The storm dragon breathes lightning at you.
The bolt of lightning hits you!!
* * * LOW HITPOINT WARNING * * *
You hear a roar!
Your magical effects are unravelling.
You feel magically purged.
You feel less wooden.
Your +0 cloak unmelds from your body.
Your +2 hat unmelds from your body.
The +1 pair of gloves "Pifre" {Rampage Will- Str+6 Int+3} unmelds from your body.
Your +1 pair of boots unmelds from your body.
Your +0 gold dragon scales unmelds from your body.
* * * LOW HITPOINT WARNING * * *
You feel sick. You block the green draconian's attack.
The black draconian knight casts a spell.
The black draconian knight seems to speed up.
Something hits you!
You die...

#.......# .>....#
#........ #.......
##.....⌠. ##.......####
##...... ...§§.§§[§.§#
##..... ...§§§§§.§..#
#.....# ...§§§§.#d§##
######.## ...§§§§#§§.§#
≈§## #.#
...§§§§#@..)##.§§≈## #.#
....§§§☼§..§§....≈§# #.##
#.§.§...§§..##.§≈§####..#
...§§§§.§§§§# ≈≈## #..#.
......§§§§<.# #####..#.
#...§.§d..q.# ##.....#
##..§.§..§..# ##.....##
#........### #......##
#.......## #......##


You could see a black draconian knight (fast), a black draconian (catching
breath) and a green draconian (catching breath).

Vanquished Creatures
  Frederick (Depths:4)
  Mara (Swamp:3)
  2 orbs of fire
  Xtahua (Depths:4)
  Boris (Vaults:5)
  Vv (Zot:1)
  3 curse toes
  Saint Roka (Orc:2)
  Nikola (Swamp:3)
  9 golden dragons
  3 bone dragons
  A hellephant (Depths:1)
  Jorgrun (Orc:2)
  Mlioglotl (Swamp:3)
  11 tentacled monstrosities
  Rupert (D:13)
  10 liches
  Asterion (Vaults:3)
  4 quicksilver dragons
  A walking divine tome (Depths:4)
  A deep elf blademaster (Elf:2)
  5 titans (Vaults:5)
  2 acid blobs
  10 sphinxes
  An ancient champion (Crypt:1)
  5 death cobs
  Gastronok (D:10)
  A thorn hunter (Swamp:4)
  2 tentacled starspawn (Abyss:2)
  9 storm dragons
  11 shadow dragons
  11 tengu reavers
  3 revenants
  3 rockslimes (Slime:1)
  4 fire giants
  3 fenstrider witches
  4 protean progenitors
  4 draconian monks
  3 azure jellies
  13 frost giants
  A deep elf sorcerer (Vaults:3)
  Louise (Spider:1)
  5 draconian scorchers
  19 vault wardens
  8 ghost moths
  2 iron dragons
  2 draconian shifters
  3 curse skulls
  5 emperor scorpions (Spider:4)
  A draconian stormcaller (Zot:1)
  A cacodemon (Depths:4)
  5 ghouls
  A reaper (Abyss:2)
  An orc warlord (Orc:2)
  2 formless jellyfish
  A juggernaut skeleton (Crypt:3)
  11 stone giants
  5 draconian annihilators
  A spriggan defender (Depths:2)
  4 broodmothers
  19 very ugly things
  19 ironbound preservers
  6 black draconians
  8 ironbound thunderhulks
  9 white draconians
  A lorocyproca (Depths:4)
  4 deep elf death magi
  6 bunyips
  6 vampire knights
  10 eleionomae
  8 green draconians
  4 war gargoyles
  6 purple draconians
  3 deep elf annihilators (Vaults:5)
  7 red draconians
  25 dire elephants
  3 yellow draconians
  3 spark wasps
  The ghost of Darubir the Skirmisher, a journeyman CeHs of Okawaru (Lair:5)
  2 blizzard demons
  A mummy priest (Crypt:3)
  8 ettins
  9 fire dragons
  A shambling mangrove (Swamp:4)
  13 yaktaur captains
  5 jiangshi
  5 deep elf high priests (Vaults:5)
  4 entropy weavers
  Harold (D:10)
  3 rakshasas
  Josephine (Orc:1)
  6 great orbs of eyes
  10 hydras
  Erolcha (Orc:2)
  A peacekeeper (Vaults:3)
  A hell beast (Swamp:4)
  10 alligators
  3 ogre magi
  3 jorogumos
  4 centaur warriors
  A quicksilver dragon skeleton (Crypt:3)
  2 catoblepae
  7 ghost crabs
  3 boulder beetles
  7 ice dragons
  31 vault guards
  7 ironbound frosthearts
  The ghost of MacCMillion the Thaumaturge, a journeyman DjAl of Makhleb (D:11)
  A spriggan skeleton (Crypt:3)
  6 radroaches
  3 anacondas (Zot:2)
  3 death knights (Crypt:1)
  6 spriggan air magi
  10 two-headed ogres
  2 death yaks (Lair:5)
  27 dancing weapons
  A two-headed ogre (shapeshifter) (Vaults:5)
  3 vampire magi
  8 deep troll shamans
  A tengu warrior (D:13)
  6 deep troll earth magi
  7 occultists
  A spectral dire elephant (Lair:5)
  9 demonic crawlers
  2 hell hogs
  4 spriggan berserkers
  Urug (Orc:2)
  A titan zombie (Crypt:1)
  An orc high priest (Orc:2)
  13 hell knights
  15 deep elf knights
  A storm dragon zombie (Crypt:2)
  A spectral death yak (Lair:5)
  2 storm dragon skeletons (D:15)
  2 skysharks
  3 wretched stars (Abyss:2)
  Nergalle (Orc:2)
  36 skeletal warriors
  7 iron trolls
  3 soul eaters
  8 pharaoh ants
  A spatial maelstrom (Abyss:2)
  A golden dragon zombie (Crypt:3)
  A spectral anaconda (Lair:5)
  2 large abominations (Abyss:2)
  12 goliath frogs
  13 arcanists
  5 spriggan druids (Swamp:4)
  45 deep trolls
  3 sun moths (Spider:3)
  An anaconda zombie (Crypt:2)
  8 deep elf archers
  8 phantasmal warriors
  11 orb spiders
  3 glowing orange brains
  5 swamp dragons
  Pikel (D:7)
  An orange crystal statue (Vaults:4)
  3 flayed ghosts
  A mana viper (shapeshifter) (Vaults:5)
  3 bog bodies
  A swamp dragon (shapeshifter) (Vaults:3)
  6 lindwurms
  13 necromancers
  A harpy (shapeshifter) (Elf:1)
  18 deep elf zephyrmancers
  5 steelbarb worms
  2 orc knights (Orc:2)
  24 deep elf pyromancers
  4 harpies (Vaults:4)
  17 ironbound convokers
  A shadow dragon zombie (Crypt:3)
  An anaconda skeleton (Crypt:3)
  21 wolf spiders
  A will-o-the-wisp (Swamp:3)
  43 ugly things
  7 orc sorcerers
  3 manticores
  A faun (shapeshifter) (Elf:1)
  4 shining eyes
  3 oklob plants (Lair:5)
  A frost giant zombie (Depths:1)
  A moth of wrath (shapeshifter) (Vaults:5)
  A glowing shapeshifter (Vaults:5)
  3 meliai (Spider:3)
  22 moths of wrath
  5 cyclopes
  A worldbinder (Abyss:2)
  16 elephants
  A frost giant skeleton (Depths:1)
  An ice statue (IceCv)
  2 cane toads (shapeshifter) (Elf:1)
  22 vault sentinels
  A rust devil (Depths:2)
  A titan simulacrum (Depths:1)
  A shock serpent skeleton (Crypt:2)
  4 smoke demons
  An eye of devastation (Slime:2)
  5 gargoyles
  A dire elephant skeleton (Crypt:3)
  An orange demon (Swamp:4)
  A red draconian zombie (Crypt:1)
  14 cane toads
  A hellion (Abyss:2)
  3 unseen horrors
  6 komodo dragons
  4 rime drakes
  6 freezing wraiths
  A catoblepas skeleton (Crypt:2)
  17 yaktaurs
  An alligator snapping turtle skeleton (Crypt:3)
  2 anaconda simulacra (IceCv)
  7 kobold demonologists
  A green draconian skeleton (Crypt:2)
  3 guardian mummies (Crypt:3)
  An ancient zyme (Abyss:2)
  2 tormentors
  8 trolls
  7 tengu conjurers
  8 polar bears
  9 hornets
  3 hellwings (Swamp:4)
  A polar bear (shapeshifter) (Elf:1)
  3 tyrant leeches
  A hornet (shapeshifter) (Elf:1)
  A bloated husk (Swamp:1)
  Prince Ribbit (D:7)
  34 tarantellas
  18 blink frogs
  3 glass eyes
  14 dream sheep
  An ice dragon zombie (Crypt:1)
  A jumping spider (shapeshifter) (Depths:3)
  5 fire dragon skeletons (Crypt:3)
  22 jumping spiders
  77 slime creatures
  An air elemental (Elf:2)
  A centaur simulacrum (D:13)
  6 shadows
  20 culicivoras
  A vampire (D:11)
  6 spriggans
  An ice dragon skeleton (Crypt:3)
  7 wyverns
  2 ynoxinuls
  3 dire elephant simulacra
  10 water elementals
  14 wraiths
  A black mamba skeleton (Crypt:3)
  A human (shapeshifter) (D:12)
  An ushabti (Crypt:3)
  79 yaks
  3 chaos spawn
  A yak (shapeshifter) (Elf:1)
  19 humans (D:13)
  2 golden eyes
  3 basilisks
  14 wargs
  Grum (D:9)
  4 death yak simulacra
  66 redbacks
  11 vampire mosquitoes
  Menkaure (D:7)
  2 spatial vortices (Abyss:2)
  3 acid dragons
  A harpy simulacrum (IceCv)
  2 spectral cane toads (Lair:5)
  15 swamp worms
  A demonspawn zombie (Crypt:1)
  Duvessa (D:4)
  2 hydra simulacra (IceCv)
  14 water moccasins
  A two-headed ogre zombie (Crypt:1)
  A naga skeleton (Crypt:3)
  36 orc warriors
  2 sky beasts (D:7)
  4 swamp drakes
  2 elephant zombies (Lair:5)
  2 ice beasts
  16 laughing skulls
  5 black bears
  A black mamba simulacrum (Lair:5)
  7 wolves
  11 ogres
  5 boggarts
  6 centaurs
  A lemure (D:7)
  2 elephant skeletons (Lair:5)
  9 kobold brigands
  2 phantoms
  Blork the orc (D:4)
  6 bullfrogs
  2 necrophages (Crypt:1)
  A wyvern zombie (Crypt:1)
  7 gnoll sergeants
  4 scorpions
  5 two-headed ogre simulacra (IceCv)
  3 earth elementals
  2 cane toad simulacra (IceCv)
  A small abomination (Abyss:2)
  4 wights (D:10)
  Dowan (D:4)
  A water moccasin skeleton (Crypt:2)
  6 killer bees (D:9)
  6 elephant simulacra
  An electric eel (Lair:4)
  7 howler monkeys
  3 bombardier beetles
  A torpor snail simulacrum (Lair:5)
  5 hounds
  2 komodo dragon simulacra (Lair:5)
  A jelly (D:6)
  30 orc priests
  6 gnoll boudas
  7 starcursed masses (Abyss:2)
  5 iguanas
  A scorpion zombie (Crypt:1)
  Ijyb (D:5)
  A sleepcap (D:5)
  4 spriggan simulacra (IceCv)
  32 orc wizards
  9 troll simulacra (IceCv)
  5 wolf simulacra (IceCv)
  9 mummies (Crypt:3)
  8 gnolls
  6 naga simulacra (IceCv)
  5 adders
  6 white imps
  11 ufetubi
  3 dart slugs
  A ribbon worm (D:2)
  86 orcs
  7 ball pythons
  6 endoplasms
  2 giant cockroaches
  11 goblins
  3 hobgoblins
  8 jackals
  2 quokkas
  3 bats
  An endoplasm zombie (Crypt:2)
  4 frilled lizards
  A gnoll skeleton (Crypt:1)
  15 kobolds
  A quokka zombie (Crypt:2)
  4 rats
  2 starspawn tentacles (Abyss:2)
2215 creatures vanquished.

Vanquished Creatures (others)
  A draconian scorcher (Zot:4)
  A purple draconian (Zot:4)
  2 deep elf knights
  A bog body (Swamp:3)
  A deep elf zephyrmancer (Elf:2)
  A deep elf pyromancer (Elf:2)
  A bloated husk (Swamp:1)
  A chaos spawn (Swamp:4)
  An orc wizard (Orc:2)
  2 foxfires (Swamp:3)
  3 starspawn tentacles (Abyss:2)
15 creatures vanquished.

Grand Total: 2230 creatures vanquished

Notes
Turn   | Place    | Note
-------+----------+-------------------------------------------
     0 | D:1      | Esce the Minotaur Fighter began the quest for the Orb.
     0 | D:1      | Reached XP level 1. HP: 19/19 MP: 0/0
   341 | D:1      | Reached XP level 2. HP: 22/27 MP: 1/1
   931 | D:2      | Reached XP level 3. HP: 33/33 MP: 2/2
  1362 | D:3      | Found Wuen's Book Emporium.
  1362 | D:3      | Noticed a walking frostbound tome
  1364 | D:3      | Noticed a walking earthen tome
  1541 | D:3      | Reached XP level 4. HP: 36/41 MP: 3/3
  1732 | D:3      | Reached skill level 5 in Maces & Flails
  2160 | D:4      | Identified the +5 mace of Bloodstone {spect, Int+2}
  2275 | D:4      | Reached skill level 5 in Fighting
  2275 | D:4      | Reached XP level 5. HP: 48/48 MP: 4/4
  2392 | D:4      | Found a large runed translucent door.
  2396 | D:4      | Found a large runed translucent door.
  2396 | D:4      | Found a shimmering altar of Xom.
  2652 | D:4      | Noticed a phantom
  2665 | D:4      | Killed a phantom
  2666 | D:4      | Reached XP level 6. HP: 55/57 MP: 5/5
  2887 | D:4      | Noticed Dowan
  2901 | D:4      | Noticed Duvessa
  2907 | D:4      | Killed Duvessa
  3031 | D:4      | Killed Dowan
  3032 | D:4      | Reached XP level 7. HP: 50/63 MP: 6/6
  3220 | D:5      | Entered Level 5 of the Dungeon
  3270 | D:5      | Noticed a troll
  3380 | D:5      | Noticed Blork the orc
  3410 | D:4      | Killed Blork the orc
  3792 | D:5      | Reached XP level 8. HP: 67/73 MP: 7/7
  3835 | D:5      | Noticed Ijyb
  3883 | D:5      | Killed Ijyb
  4049 | D:5      | Reached skill level 10 in Maces & Flails
  5284 | D:6      | Found a staircase to the Ecumenical Temple.
  5295 | Temple   | Entered the Ecumenical Temple
  5697 | D:7      | Noticed Prince Ribbit
  5714 | D:7      | Killed Prince Ribbit
  5715 | D:7      | Reached XP level 9. HP: 59/83 MP: 8/8
  5843 | D:7      | Noticed Menkaure
  5850 | D:7      | Killed Menkaure
  6432 | D:7      | Noticed Pikel
  6448 | D:7      | Killed Pikel
  6449 | D:7      | Reached skill level 10 in Fighting
  6972 | D:8      | Reached XP level 10. HP: 54/94 MP: 9/9
  7095 | D:7      | Reached skill level 1 in Throwing
  7225 | D:8      | Reached skill level 4 in Shields
  7262 | D:8      | Found a flagged portal.
  8316 | D:9      | Found an iron altar of Okawaru.
  8378 | D:9      | Became a worshipper of Warmaster Okawaru
  8419 | D:9      | Reached skill level 5 in Armour
  8419 | D:9      | Reached skill level 5 in Shields
  8502 | D:9      | Reached * piety under Okawaru
  8753 | D:9      | Reached skill level 6 in Shields
  8758 | D:9      | Reached ** piety under Okawaru
  9166 | D:9      | Reached skill level 7 in Shields
  9275 | D:9      | Noticed a cyclops
  9275 | D:9      | Noticed a two-headed ogre
  9275 | D:9      | Noticed an orc sorcerer
  9533 | D:9      | Killed a cyclops
  9651 | D:9      | Killed a two-headed ogre
  9651 | D:9      | Reached *** piety under Okawaru
  9652 | D:9      | Reached skill level 5 in Throwing
  9652 | D:9      | Reached XP level 11. HP: 98/102 MP: 10/10
  9901 | D:9      | Reached **** piety under Okawaru
 10152 | D:9      | Noticed Grum
 10167 | D:9      | Killed Grum
 10168 | D:9      | Reached skill level 8 in Shields
 10370 | D:9      | Killed an orc sorcerer
 10371 | D:9      | Reached skill level 1 in Invocations
 10372 | D:9      | Noticed a red ugly thing
 10594 | D:8      | Killed a red ugly thing
 11390 | D:9      | Reached ***** piety under Okawaru
 11538 | D:9      | Noticed a two-headed ogre
 11545 | D:9      | Killed a two-headed ogre
 11546 | D:9      | Reached skill level 9 in Shields
 12072 | D:10     | Entered Level 10 of the Dungeon
 12092 | D:9      | Reached skill level 5 in Invocations
 12209 | D:10     | Noticed a deep elf pyromancer
 12210 | D:10     | Noticed a deep elf pyromancer
 12214 | D:10     | Killed a deep elf pyromancer
 12214 | D:10     | Noticed a deep elf pyromancer
 12256 | D:10     | Noticed an arcanist
 12259 | D:10     | Killed an arcanist
 12259 | D:10     | Received a gift from Okawaru
 12278 | D:10     | Killed a deep elf pyromancer
 12285 | D:10     | Got Mawnur's Grimoire of Axaxaxas mlö
 12331 | D:10     | Got Ts'ui Pên's Spellbook of Forking Paths
 12451 | D:10     | Noticed Harold
 12463 | D:10     | Killed Harold
 12464 | D:10     | Reached XP level 12. HP: 97/112 MP: 7/15
 12667 | D:10     | Noticed Gastronok
 12869 | D:10     | Killed Gastronok
 12870 | D:10     | Reached skill level 10 in Armour
 12870 | D:10     | Reached skill level 10 in Shields
 13591 | D:10     | Found a staircase to the Lair.
 13603 | Lair:1   | Entered Level 1 of the Lair of Beasts
 13651 | Lair:1   | Received a gift from Okawaru
 13656 | Lair:1   | Noticed a catoblepas
 13827 | Lair:1   | Killed a catoblepas
 13899 | Lair:1   | Found a dark tunnel.
 14004 | Lair:1   | Found a gate leading to a gauntlet.
 14053 | Lair:1   | Identified the +8 plate armour of Sunlight {Rampage Fly
                  | Regen+ Str+2 Dex-3}
 14098 | Lair:1   | Reached skill level 11 in Shields
 15052 | Lair:2   | Received a gift from Okawaru
 15426 | Lair:1   | Reached XP level 13. HP: 58/117 MP: 19/19
 15838 | Lair:2   | Reached skill level 10 in Invocations
 16498 | Lair:3   | Received a gift from Okawaru
 16669 | Lair:3   | Reached skill level 12 in Shields
 16797 | Lair:3   | Found a hole to the Spider Nest.
 17552 | Lair:3   | Received a gift from Okawaru
 17672 | Lair:3   | Found a staircase to the Swamp.
 18975 | Lair:4   | Reached ****** piety under Okawaru
 19030 | Lair:4   | Acquired a +2 eveningstar of holy wrath
 19030 | Lair:4   | Received a gift from Okawaru
 19031 | Lair:4   | Acquired the +1 pair of gloves "Pifre" {Rampage Will- Str+6
                  | Int+3}
 19031 | Lair:4   | Received a gift from Okawaru
 19223 | Lair:4   | Reached skill level 13 in Shields
 19721 | Lair:4   | Identified 3 scrolls of acquirement
 19738 | Lair:4   | Acquired 912 gold pieces
 19740 | Lair:4   | Acquired the +5 demon whip "Beastslayer" {freeze, rF+}
 19744 | Lair:4   | Acquired a manual of Shields
 19764 | Lair:5   | Entered Level 5 of the Lair of Beasts
 19768 | Lair:5   | Found a runed translucent gate.
 19768 | Lair:5   | Found a runed translucent gate.
 19768 | Lair:5   | Found a runed translucent gate.
 19860 | Lair:5   | Reached XP level 14. HP: 115/125 MP: 22/22
 19936 | Lair:5   | Found a viscous altar of Jiyva.
 19944 | Lair:5   | Found a staircase to the Slime Pits.
 20160 | Lair:5   | Reached skill level 15 in Maces & Flails
 20195 | Lair:5   | Identified the +7 hand axe "Dragonslayer" {vamp, rF+ rC+}
 20747 | Lair:5   | Found an ornate altar of the Wu Jian Council.
 21280 | Lair:5   | Reached skill level 14 in Shields
 21286 | Lair:5   | Received a gift from Okawaru
 21384 | Lair:5   | Noticed Darubir's ghost (journeyman CeHs)
 21608 | Lair:5   | Killed Darubir's ghost
 22015 | D:11     | Found a runed translucent door.
 22027 | D:11     | Noticed MacCMillion's ghost (journeyman DjAl)
 22075 | D:11     | Reached skill level 15 in Shields
 22261 | D:11     | Found Umait's General Store.
 22265 | D:11     | Bought a scroll of identify for 22 gold pieces
 22265 | D:11     | Bought a scroll of immolation for 44 gold pieces
 22399 | D:11     | Killed MacCMillion's ghost
 22793 | D:12     | Received a gift from Okawaru
 23311 | D:12     | Reached XP level 15. HP: 136/136 MP: 23/23
 23449 | D:12     | Found a staircase to the Orcish Mines.
 23590 | Orc:1    | Entered Level 1 of the Orcish Mines
 23905 | Orc:1    | Reached skill level 16 in Shields
 24147 | Orc:1    | Noticed Josephine
 24157 | Orc:1    | Killed Josephine
 24344 | Orc:2    | Entered Level 2 of the Orcish Mines
 24357 | Orc:2    | Found a frozen archway.
 24385 | Orc:2    | Noticed Erolcha
 24397 | IceCv    | Entered an ice cave
 24715 | IceCv    | Received a gift from Okawaru
 25276 | Orc:2    | Killed Erolcha
 25291 | Orc:2    | Noticed Saint Roka
 25603 | Orc:1    | Reached skill level 15 in Armour
 25927 | Orc:1    | Reached skill level 17 in Shields
 26087 | Orc:2    | Killed Saint Roka
 26316 | Orc:2    | Noticed Nergalle
 26337 | Orc:2    | Killed Nergalle
 26363 | Orc:2    | Noticed Urug
 26380 | Orc:2    | Killed Urug
 26486 | Orc:2    | Found Caruescha's General Store.
 26506 | Orc:2    | Bought a scroll of identify for 26 gold pieces
 26506 | Orc:2    | Bought a scroll of blinking for 97 gold pieces
 26506 | Orc:2    | Bought a potion of resistance for 130 gold pieces
 26543 | Orc:2    | Noticed Jorgrun
 26554 | Orc:2    | Killed Jorgrun
 26679 | Orc:2    | Found a staircase to the Elven Halls.
 26769 | Orc:2    | Found Imiwk's Antique Weapon Boutique.
 26784 | Orc:2    | Found Sethroyxt's Antique Armour Boutique.
 26799 | Orc:2    | Found Feanwaph's Book Boutique.
 27154 | Abyss:2  | Cast into level 2 of the Abyss (an occultist)
 27184 | Abyss:2  | Reached skill level 18 in Shields
 27197 | Abyss:2  | Noticed a tentacled starspawn
 27212 | Abyss:2  | Killed a tentacled starspawn
 27213 | Abyss:2  | Reached skill level 15 in Fighting
 27333 | Abyss:2  | Noticed a tentacled starspawn
 27343 | Abyss:2  | Killed a tentacled starspawn
 27380 | Abyss:2  | Paralysed by accursed screaming for 1 turns
 27419 | D:12     | Escaped the Abyss
 27492 | D:13     | Noticed Rupert
 27661 | D:13     | Paralysed by Rupert for 4 turns
 27675 | D:13     | Paralysed by Rupert for 2 turns
 27683 | D:13     | Paralysed by Rupert for 3 turns
 27689 | D:13     | Paralysed by Rupert for 5 turns
 27883 | D:13     | Identified the +3 chain mail "Cihoupp" {*Corrode rElec rF+
                  | Int+3}
 27961 | D:13     | Identified the amulet "Fisew" {RegenMP rCorr}
 28009 | D:13     | Reached XP level 16. HP: 147/149 MP: 24/24
 28120 | D:13     | Reached skill level 10 in Throwing
 28194 | D:13     | Found a gate to the Vaults.
 28453 | D:14     | Reached skill level 19 in Shields
 28702 | D:14     | Received a gift from Okawaru
 29048 | D:15     | Entered Level 15 of the Dungeon
 29215 | D:15     | Found a staircase to the Depths.
 29332 | D:15     | Got the Elucidation of Haze
 29428 | D:15     | Received a gift from Okawaru
 29738 | Swamp:1  | Entered Level 1 of the Swamp
 30106 | Swamp:1  | Identified the +11 falchion "Cyecaf" {drain, Fly rPois}
 30375 | Swamp:1  | Received a gift from Okawaru
 30977 | Swamp:1  | Reached skill level 20 in Shields
 32087 | Swamp:3  | Paralysed by a fenstrider witch for 4 turns
 32097 | Swamp:3  | Reached XP level 17. HP: 81/159 MP: 25/25
 32419 | Swamp:3  | Noticed Nikola
 32444 | Swamp:3  | Killed Nikola
 32604 | Swamp:3  | Noticed Mlioglotl
 32610 | Swamp:3  | Killed Mlioglotl
 32743 | Swamp:3  | Received a gift from Okawaru
 33140 | Swamp:3  | Noticed Mara
 33156 | Swamp:3  | Noticed Esce's illusion
 33170 | Swamp:3  | Killed Mara
 33260 | Swamp:4  | Entered Level 4 of the Swamp
 33644 | Swamp:4  | Noticed a tentacled monstrosity
 33660 | Swamp:4  | Killed a tentacled monstrosity
 34035 | Swamp:4  | Received a gift from Okawaru
 34647 | Swamp:4  | Paralysed by a hornet for 3 turns
 35301 | Swamp:4  | Reached skill level 21 in Shields
 36187 | Swamp:4  | Got a decaying rune of Zot
 36357 | Spider:1 | Entered Level 1 of the Spider Nest
 36435 | Spider:1 | Received a gift from Okawaru
 37065 | Spider:1 | Noticed Louise
 37383 | Spider:1 | Killed Louise
 37625 | Spider:1 | Reached XP level 18. HP: 170/170 MP: 26/26
 38074 | Spider:1 | Got the Octavo of Feculent Assembling
 38732 | Spider:2 | Identified the ring of Ottiheg {rElec rPois Str+3 Dex+6}
 39295 | Spider:3 | Received a gift from Okawaru
 39963 | Spider:3 | Found a hide-covered altar of Uskayaw.
 40182 | Spider:3 | Reached skill level 15 in Throwing
 40619 | Spider:4 | Entered Level 4 of the Spider Nest
 40863 | Spider:4 | Received a gift from Okawaru
 41233 | Spider:4 | Reached skill level 22 in Shields
 41538 | Spider:4 | Received a gift from Okawaru
 41750 | Spider:4 | Got a gossamer rune of Zot
 42000 | Vaults:1 | Entered Level 1 of the Vaults
 42322 | D:13     | Killed Rupert
 42323 | D:13     | Reached XP level 19. HP: 183/183 MP: 27/27
 42984 | Vaults:1 | Received a gift from Okawaru
 44240 | Vaults:2 | Paralysed by a formless jellyfish for 1 turns
 44295 | Vaults:2 | Found a staircase to the Crypt.
 44295 | Vaults:2 | Found an ancient bone altar of Kikubaaqudgha.
 44296 | Vaults:2 | Found a basalt altar of Yredelemnul.
 44581 | Vaults:2 | Received a gift from Okawaru
 46172 | Vaults:3 | Received a gift from Okawaru
 46287 | Vaults:3 | Found Ukhle's Weapon Emporium.
 46340 | Vaults:3 | Reached XP level 20. HP: 193/193 MP: 28/28
 46673 | Vaults:3 | Noticed Asterion
 46682 | Vaults:3 | Killed Asterion
 47110 | Vaults:4 | Received a gift from Okawaru
 47117 | Vaults:4 | Reached skill level 23 in Shields
 47655 | Vaults:4 | Received a gift from Okawaru
 47910 | Vaults:4 | Found a flickering gateway to a bazaar.
 47931 | Bazaar   | Entered a bazaar
 47931 | Bazaar   | Found Tyafeopu's General Store.
 47931 | Bazaar   | Found Noits's Antique Weapon Shop.
 47950 | Bazaar   | Bought a potion of haste for 90 gold pieces
 47974 | Bazaar   | Found Tufiutam's Antique Armour Shop.
 47998 | Bazaar   | Bought a +3 plate armour of willpower for 405 gold pieces
 48191 | Vaults:4 | Identified the serpent talisman of Vathriss {rF+ rN+++ MP-9
                  | Int+2 Dex+3}
 48731 | Elf:1    | Entered Level 1 of the Elven Halls
 49195 | Elf:1    | Received a gift from Okawaru
 49553 | Elf:2    | Found Kyomoel's Book Boutique.
 49826 | Elf:2    | Found a shimmering blue altar of Sif Muna.
 49856 | Elf:2    | Paralysed by an air elemental for 1 turns
 49981 | Elf:2    | Found a runed translucent gate.
 49982 | Elf:2    | Found a runed translucent gate.
 49982 | Elf:2    | Found a runed translucent gate.
 50127 | Elf:2    | Received a gift from Okawaru
 50173 | Elf:2    | Reached XP level 21. HP: 170/206 MP: 29/29
 50221 | Elf:2    | Reached skill level 24 in Shields
 50895 | Crypt:1  | Entered Level 1 of the Crypt
 51257 | Crypt:1  | Received a gift from Okawaru
 51354 | Crypt:1  | Noticed Jory
 53037 | Crypt:3  | Entered Level 3 of the Crypt
 53193 | Crypt:3  | Received a gift from Okawaru
 53395 | Crypt:3  | Found the +8 demon blade "Leech" {evervamp, Harm ^Drain
                  | rN+}
 53550 | Crypt:3  | Found a staircase to the Tomb.
 53647 | Crypt:3  | Identified the staff "Cynnik" {MP+9 Earth}
 53842 | Crypt:3  | Identified the staff of the Forest {Str+2 Earth}
 54059 | Crypt:3  | Found an ancient bone altar of Kikubaaqudgha.
 54111 | Crypt:3  | Received a gift from Okawaru
 54125 | Crypt:3  | Got Wamn's Tome of Battle Magic
 54939 | Depths:1 | Entered Level 1 of the Depths
 54939 | Depths:1 | Found the amulet of the Four Winds {rN+ Will+++ Clar}
 55106 | Depths:1 | Reached skill level 25 in Shields
 55285 | D:15     | Reached XP level 22. HP: 199/213 MP: 30/30
 55328 | Depths:1 | Received a gift from Okawaru
 55850 | Depths:1 | Found a gateway to Hell.
 56065 | Depths:1 | Noticed a golden dragon
 56071 | Depths:1 | Killed a golden dragon
 56438 | Depths:1 | Received a gift from Okawaru
 56603 | Depths:1 | Got Sif Muna's Handbook of Gases and Distance
 56697 | Depths:1 | Found a bloodstained altar of Trog.
 57439 | Depths:2 | Found Osuz's Jewellery Shop.
 57540 | Depths:2 | Found a shimmering blue altar of Sif Muna.
 57910 | Depths:2 | Found a one-way gate to the infinite horrors of the Abyss.
 58047 | Depths:2 | Found a one-way gate leading to the halls of Pandemonium.
 58432 | Depths:2 | Identified the +6 arbalest of Okawaru's Respect {drain,
                  | Str+3}
 58871 | Depths:3 | Noticed a golden dragon
 58927 | Depths:3 | Received a gift from Okawaru
 58942 | Depths:3 | Killed a golden dragon
 59004 | Depths:3 | Found a transporter.
 59496 | Depths:3 | Acquired 626 gold pieces
 59658 | Depths:3 | Reached XP level 23. HP: 229/229 MP: 31/31
 59747 | Depths:3 | Found a transporter.
 60117 | Depths:4 | Entered Level 4 of the Depths
 60125 | Depths:4 | Identified the orb of Quantum Leap {*channel, Slay+5}
 60125 | Depths:4 | Noticed Frederick
 60136 | Depths:4 | Killed Frederick
 60246 | Depths:4 | Found Ocusaqaq's General Store.
 60248 | Depths:4 | Found a one-way gateway to a ziggurat.
 60309 | Depths:4 | Found a glowing golden altar of the Shining One.
 60402 | Depths:4 | Received a gift from Okawaru
 60455 | Depths:4 | Identified the ring "Ubacwenn" {^Contam rF+ rC+ rN++ Str+2}
 60684 | Depths:4 | Noticed Xtahua
 60711 | Depths:4 | Paralysed by Xtahua for 3 turns
 60844 | Depths:4 | Killed Xtahua
 60845 | Depths:4 | Reached skill level 26 in Shields
 61054 | Depths:4 | Found a gate to the Realm of Zot.
 62166 | Slime:1  | Entered Level 1 of the Pits of Slime
 62913 | Slime:2  | Found a viscous altar of Jiyva.
 63903 | Vaults:5 | Entered Level 5 of the Vaults
 64630 | Vaults:5 | Identified the +1 double sword of the Floral God {heavy,
                  | rPois Will+}
 64631 | Vaults:5 | Identified the amulet "Caommues" {Faith +Inv}
 64634 | Vaults:5 | Noticed Boris
 64649 | Vaults:5 | Killed Boris
 64650 | Vaults:5 | Reached XP level 24. HP: 227/240 MP: 26/31
 64714 | Vaults:5 | Identified the +1 leather armour "Seb Cak" {rF+ rCorr}
 64774 | Vaults:5 | Identified the staff "Kousiz" {rC+ Int+4 Ice}
 64888 | Vaults:5 | Received a gift from Okawaru
 65259 | Vaults:5 | Identified the +5 plate armour of Qugirghur {Str+7 Int+3}
 65670 | Vaults:5 | Identified the +10 rapier "Askamerhitre" {vamp, rF++ Will+
                  | Int+4}
 65915 | Vaults:5 | Reached skill level 27 in Shields
 65967 | Vaults:5 | Identified the +0 chain mail of Osemnaomu {^Contam Rampage
                  | +Blink +Inv}
 66016 | Vaults:5 | Got the Discursus on Snow and Toxicity
 66020 | Vaults:5 | Got a silver rune of Zot
 66430 | Zot:1    | Entered Level 1 of the Realm of Zot
 66487 | Zot:1    | Identified the +7 great mace "Seitaew" {pain, Will+}
 66515 | Zot:1    | Noticed Vv
 66551 | Zot:1    | Killed Vv
 66656 | Zot:1    | Received a gift from Okawaru
 67252 | Zot:1    | Noticed an orb of fire
 67255 | Zot:1    | Gained mutation: You are dopey. (Int -2) [an orb of fire]
 67269 | Zot:1    | Gained mutation: Armour fits poorly on your strangely
                  | shaped body. [an orb of fire]
 67269 | Zot:1    | Gained mutation: You sometimes lose your temper in combat.
                  | [an orb of fire]
 67271 | Zot:1    | Killed an orb of fire
 70248 | Zot:3    | Noticed an orb of fire
 70487 | Zot:3    | Identified the +9 great mace of the Boar {flame, rPois}
 71169 | Zot:3    | Gained mutation: Your flesh is cold resistant. (rC+) [an
                  | orb of fire]
 71174 | Zot:3    | Gained mutation: You do not regenerate when monsters are
                  | visible. [an orb of fire]
 71528 | Zot:3    | Gained mutation: You are clumsy. (Dex -2) [an orb of fire]
 71532 | Zot:3    | Gained mutation: Your spells are a little easier to cast,
                  | but a little less powerful. [an orb of fire]
 71533 | Zot:3    | Killed an orb of fire
 71534 | Zot:3    | Reached XP level 25. HP: 253/253 MP: 31/31
 71563 | Zot:3    | Identified the +7 halberd of Magnificence {protect, rElec
                  | rF+ Dex+6 SInv}
 72570 | Zot:3    | Received a gift from Okawaru
 72687 | Zot:3    | Found the Hermit's Pendant {Faith Invo=14 Evo=0 MP+5}
 72705 | Zot:3    | Got Cigotuvi's Anthology of Mercurial Abhorrent Magic
 73474 | Zot:4    | HP: 8/382 [storm dragon/bolt of lightning (22)]
 73475 | Zot:4    | Slain by a black draconian knight

Illustrated notes

Levels and vault maps discovered:
D:1:      co_arrival_random_square_maze, layout_basic
D:2:      layout_basic
D:3:      layout_loops_ring, serial_shops, nicolae_shop_mannequins,
          minmay_cut_off
D:4:      due_chaos_kobolds, layout_basic, uniq_duvessa
D:5:      layout_loops_ring, kb_lookout_dungeons_type, minmay_door_square,
          minmay_misc_feat_tiny, minmay_manual_monolith, uniq_ijyb,
          uniq_blork_the_orc
D:6:      layout_gridville, minmay_temple_entry_drinking_statues
D:7:      layout_basic, uniq_menkaure, uniq_pikel, uniq_prince_ribbit1
D:8:      layout_basic, enter_bailey_5, hex_medium, kennysheep_small_square
D:9:      lemuel_castle_with_subvaults [lemuel_castle_interior_original],
          layout_irregular_city, lemuel_coloured_pillars_altar, uniq_grum
D:10:     layout_roguey, grunt_lair_entry_orc_guard_hut,
          bh_hangedman_babel_library, uniq_harold, uniq_gastronok
D:11:     layout_rooms, serial_shops, nicolae_shop_back_alley_shop,
          ebering_ghost_reflecting_pool
D:12:     layout_basic, david_orc_4
D:13:     minmay_smoke_and_mirrors, layout_gridville, grunt_vaults_entry_tiered,
          minmay_mirror_moons_of_madness, uniq_rupert
D:14:     layout_cave_pools
D:15:     gammafunk_depths_entry_grave, layout_rooms
Temple:   regret_index_temple_sigil_plot
Lair:1:   beast_lair_carwin_large_2, layout_layer_cave,
          nicolae_volcano_entry_two_sided, gauntlet_entry_generic
Lair:2:   layout_small_grid, grunt_megastairs_2, infiniplex_staircase_pool_2
Lair:3:   layout_hall_layers, minmay_swamp_entry_reptiles,
          spider_nest_entry_rubble
Lair:4:   layout_regular_city, serial_bayou_ford_a, serial_bayou_shore_a,
          lemuel_fruit_fields
Lair:5:   due_jungle_book, layout_concentric_octagons,
          minmay_slime_entry_oklob_open, gammafunk_ghost_necromancy,
          lemuel_centaur_altar, grunt_megastairs_1
Swamp:1:  layout_basic_swamp, evilmike_swamp_ruin_rubble_1
Swamp:2:  layout_falls_marsh, nicolae_swamp_ascending_descending
Swamp:3:  layout_basic_swamp, evilmike_swamp_ruin_rubble_2, swamp_pool_1_2,
          uniq_mlioglotl, uniq_nikola, uniq_mara
Swamp:4:  nzn_swamp_witches_coven, layout_basic_swamp, swamp_pool_1_2,
          hangedman_swamp_pad, nicolae_swamp_reclaimed_castle,
          nicolae_swamp_fairy_circle
Spider:1: nicolae_spider_broodchamber, hellmonk_spider_spawner, uniq_louise
Spider:2: nicolae_spider_mines_2
Spider:3: layout_cave_pods, nicolae_spider_altar_of_dancing
Spider:4: grunt_spider_rune_circles
Slime:1:  layout_caves
Slime:2:  layout_caves, basic_altar
Slime:3:  cheibrodos_slime_lost_civilization_2, layout_caves
Orc:1:    nicolae_orc_accident_2, layout_caves, nicolae_orc_rockfall,
          uniq_josephine
Orc:2:    grunt_orc_cross, layout_caves, portal_ice_cave_entry_pillars_2,
          uniq_jorgrun, uniq_erolcha, uniq_saint_roka
Elf:1:    eino_elf_arrival_customs, layout_geoelf_diagonals,
          nicolae_elf_shapeshifter_party
Elf:2:    nicolae_elf_blades_crystal_corner, layout_loops_corners, serial_shops,
          shop, basic_altar
Vaults:1: nicolae_vaults_closet_pinwheel_2, nicolae_vaults_closet_pinwheel_1,
          nicolae_vaults_off_center_swirl, vaults_dpeg_hooks,
          nicolae_vaults_closet_pinwheel_5, vaults_dpeg_spiral,
          ontoclasm_vaults_fault, vaults_mumra_minichess,
          hangedman_vaults_restitches, hangedman_vaults_maws,
          vaults_room_semicircle, nicolae_vaults_specimen_jars,
          layout_vaults_maze
Vaults:2: v_misc_14, grunt_vaults_trifunnel, v_alt_pattern_5,
          nicolae_vaults_tetromino_L_1, minmay_crypt_entry_necro_gods,
          v_rooms_3, nicolae_vaults_turnstiles,
          nicolae_vaults_storage_closets_2, nicolae_vaults_border_crossing,
          vaults_dpeg_emergency_exit, layout_vaults_omnigrid
Vaults:3: nicolae_vaults_spaceships, dpeg_vaults_monster_box,
          hangedman_vaults_pinch, nicolae_vaults_asterisk,
          ontoclasm_vaults_chip, v_misc_15, hangedman_vaults_snaps,
          nicolae_vaults_little_squares_6, nicolae_vaults_prndl,
          nicolae_vaults_taking_the_gang_shopping, grunt_vaults_hallway_short,
          layout_vaults_ring, serial_glass, uniq_asterion
Vaults:4: ontoclasm_vaults_idyll, grunt_vaults_focal,
          nicolae_vaults_sealed_display, v_misc_15,
          nicolae_vaults_cornered_office, nicolae_vaults_hexular_roomagon,
          hangedman_vaults_river_flow, nicolae_vaults_big_angled_halls,
          nicolae_vaults_mini_display_case, v_misc_25,
          nicolae_vaults_heart-shaped_vault, nicolae_vaults_tetromino_Z_1,
          nicolae_vaults_house_3, nicolae_vaults_statue_guard,
          layout_vaults_omnicross, serial_shops, bzr_entry_gold
Vaults:5: uniq_boris
Crypt:1:  layout_gridlike, grunt_crypt_arrival_split, uniq_jory
Crypt:2:  layout_gridlike, mu_enter_wizlab_2, eino_tiny_chamber,
          serial_sigils_hangedman_etch, nicolae_crypt_skullbonk
Crypt:3:  quadcrypt_mu
Depths:1: nicolae_hexawheel, layout_cave_pools, grunt_hell_horde,
          minmay_misc_feat_pillars, tgw_trog
Depths:2: minmay_stepped, layout_cave_pools, serial_sigils,
          serial_sigils_hangedman_scratch, serial_sigils_hangedman_shear,
          serial_sigils_hangedman_snap, serial_sigils_hangedman_gut,
          serial_sigils_hangedman_shear, abyss_entry, lemuel_doored_altar,
          rand_demon_pan_entry_1, hell_entry, st_stairs_5,
          minmay_shop_enchanted_jewellery
Depths:3: gammafunk_its_a_trap, layout_gridlike, hell_entry, abyss_entry,
          infiniplex_staircase_9_rooms, grunt_megastairs_5
Depths:4: grunt_crosshair, layout_gridlike, enter_ziggurat_a,
          old_standard_altar, hangedman_tar_grid_catacomb,
          grunt_pan_entry_in_and_out, serial_shops, nicolae_diamond_shop,
          uniq_frederick, uniq_xtahua
Zot:1:    layout_gridlike, regret_index_zotdec_abyssal_contain_seething_sorcery,
          uniq_vv
Zot:2:    layout_cathedral_of_symmetry, regret_index_zotdec_onion_hex,
          hangedman_elemental_corridor, grunt_megastairs_4
Zot:3:    regret_index_all_hallows'_manor, layout_basic,
          regret_index_zotdec_fiery_em
Zot:4:    nicolae_zot_stationary_front, layout_onion_interference,
          regret_index_zotdec_bone_old, st_stairs_10

Skill      XL: |  1  2  3  4  5  6  7  8  9 10 11 12 13 14 15 16 17 18 19 20 21 22 23 24 25 |
---------------+----------------------------------------------------------------------------+-----
Maces & Flails | 3 4 5 6 7 9 11 14 16 17 20 | 20.0
Fighting       | 4 5 6 7 9 10 11 13 15 16 18 19 20 21 23 24 26 | 26.6
Throwing       | 5 9 12 14 15 16 17 19 20 21 | 21.1
Armour         | 7 9 11 13 14 16 17 18 19 21 22 23 24 25 26 | 26.3
Shields        | 7 9 11 13 15 18 20 21 22 23 25 26 27 | 27.0
Invocations    | 6 9 12 13 | 13.0

Action                     |  1- 3 |  4- 6 |  7- 9 | 10-12 | 13-15 | 16-18 | 19-21 | 22-24 | 25-27 || total
---------------------------+-------+-------+-------+-------+-------+-------+-------+-------+-------++-------
  Melee: Flail             |   112 |    21 |       |       |       |       |       |       |       ||   133
         Headbutt          |    14 |    13 |    44 |   154 |   364 |   482 |   608 |   536 |    54 ||  2269
         Mace              |       |    56 |   196 |   545 |   301 |       |       |       |       ||  1098
         Eveningstar       |       |       |       |       |  1179 |  1901 |  1909 |  1759 |   143 ||  6891
  Throw: Javelin           |       |       |       |    12 |    22 |    31 |       |       |       ||    65
         Boomerang         |       |       |       |     8 |    20 |    88 |    42 |   362 |    36 ||   556
 Invoke: Heroism           |       |       |       |     7 |    17 |    10 |    13 |    27 |     1 ||    75
         Finesse           |       |       |       |     4 |    14 |     5 |     6 |    16 |       ||    45
         Receive Weapon    |       |       |       |       |     1 |       |       |       |       ||     1
         Receive Armour    |       |       |       |       |     1 |       |       |       |       ||     1
  Evoke: Wand              |       |       |    18 |     3 |       |       |       |       |       ||    21
         Lightning rod     |       |       |       |       |     1 |       |       |       |       ||     1
    Use: Scroll            |       |       |     6 |    12 |    20 |     6 |    12 |    23 |     3 ||    82
         Potion            |       |       |     2 |     4 |    21 |     7 |     8 |    11 |     5 ||    58
   Stab: Distracted        |       |       |     1 |    12 |     2 |       |       |       |     1 ||    16
 Armour: Scale mail        |    46 |       |       |       |       |       |       |       |       ||    46
         Chain mail        |    17 |       |       |       |       |       |       |       |       ||    17
         Plate armour      |     7 |    46 |   154 |   360 |   636 |   152 |   729 |   377 |       ||  2461
         Skin              |       |       |     8 |       |     6 |       |    12 |       |     6 ||    32
         Gold dragon scale |       |       |       |       |       |   881 |       |   798 |   140 ||  1819
  Dodge: Dodged            |    56 |    16 |    36 |    88 |   187 |   247 |   195 |   262 |    25 ||  1112
  Block: Buckler           |    25 |    11 |    32 |    37 |       |       |       |       |       ||   105
         Kite shield       |       |       |       |   163 |   897 |   958 |       |       |       ||  2018
         Reflection        |       |       |       |       |    45 |    29 |    95 |     5 |       ||   174
         Tower shield      |       |       |       |       |       |  1116 |  1885 |  1697 |   158 ||  4856
